 Dungeon Crawl Stone Soup version 0.27.0-66-gdc8fb28755 (webtiles) character file.

Game seed: 17190725451576952112

347 robertstho the Skirmisher (level 6, -2/49 HPs)
             Began as a Demonspawn Abyssal Knight on Aug 20, 2021.
             Was a Priest of Lugonu.
             Slain by an ogre (27 damage)
             ... on level 4 of the Dungeon.
             The game lasted 00:07:02 (4511 turns).

robertstho the Skirmisher (DsAK)                    Turns: 4511, Time: 00:07:02

Health: -2/49      AC: 10    Str: 14    XL:     6   Next: 32%
Magic:  18/18      EV:  8    Int: 14    God:    Lugonu [***...]
Gold:   188        SH:  4    Dex: 12    Spells: 5/5 levels left

rFire    . . .     SeeInvis .   g - +3 spear
rCold    . . .     Faith    .   (no shield)
rNeg     . . .     Spirit   .   f - +0 chain mail
rPois    .         Reflect  .   (helmet restricted)
rElec    .         Harm     .   (no cloak)
rCorr    .         Rampage  .   e - +0 pair of gloves
Will     .....                  (no boots)
Stlth    ..........             (no amulet)
HPRegen  0.16/turn              b - ring of magical power
MPRegen  0.16/turn              (no ring)

@: no status effects
A: horns 1, repulsion field 1, foul stench 1, condensation shield
a: Renounce Religion, Depart the Abyss, Bend Space, Banish


You were on level 4 of the Dungeon.
You worshipped Lugonu.
Lugonu was most pleased with you.
You visited 1 branch of the dungeon, and saw 4 of its levels.
You visited the Abyss 1 time.

You collected 188 gold pieces.

Inventory:

Hand Weapons
 a - a +1 spear
 g - a +3 spear (weapon)
 h - a +0 trident
Armour
 e - a +0 pair of gloves (worn)
 f - a +0 chain mail (worn)
Jewellery
 b - a ring of magical power (left hand)
Scrolls
 c - a scroll of magic mapping
 k - a scroll of enchant armour {unknown}
Potions
 d - a potion of mutation {unknown}
 j - a potion of curing {unknown}
 l - a potion of heal wounds


   Skills:
 * Level 4.5 Fighting
 + Level 2.8 Polearms
 * Level 3.5 Armour
 + Level 1.6 Dodging
 + Level 0.4 Stealth
 + Level 0.2 Shields
 * Level 4.2 Invocations


You had 5 spell levels left.
You didn't know any spells.
Your spell library contained the following spells:

 Spells                   Type           Power      Damage    Failure   Level
 Slow                     Hex            0%         N/A       100%        2
 Confusing Touch          Hex            0%         N/A       100%        3
 Yara's Violent Unravell  Hex/Tmut       0%         3d3       100%        5


Dungeon Overview and Level Annotations

Branches:
Dungeon (4/15)
 Temple: D:4-7

Altars:
Ashenzari
Elyvilon
Kikubaaqudgha

Annotations:
D:3 2 transporters, eliilek's ghost, amateur HOFi


Innate Abilities, Weirdness & Mutations

You have a pair of small horns on your head.
You are surrounded by a mild repulsion field. (EV +2)
You may rarely emit foul miasma when damaged in melee.
A meltable shield of frost defends you. (SH +4)


Message History

No target in view!
No target in view!
You now have 188 gold pieces (gained 17).
You see here a +0 flail.
You start resting.
HP restored.
Partly explored, unvisited transporter.
(D) Dungeon
Where to? (Enter - D:4, ? - help)
There is a stone staircase leading down here.
You climb downwards.
The ogre barely misses you.
There is a stone staircase leading up here.
An ogre is nearby!
You hit the ogre.
The ogre is lightly wounded.
The ogre closely misses you.
You barely miss the ogre.
The ogre is lightly wounded.
The ogre hits you with a +0 giant club!!
You puncture the ogre! You headbutt the ogre.
The ogre is moderately wounded.
You hit the ogre.
The ogre is heavily wounded.
The ogre closely misses you.
You hit the ogre.
The ogre is severely wounded.
The ogre hits you with a +0 giant club.
You hit the ogre but do no damage.
The ogre is heavily wounded.
The ogre barely misses you.
You closely miss the ogre. You headbutt the ogre.
The ogre is severely wounded.
You hit the ogre.
The ogre is almost dead.
The ogre closely misses you.
You hit the ogre. You headbutt the ogre.
The ogre is almost dead.
The ogre hits you with a +0 giant club!!
Ouch! That really hurt!
You die...

##########
######........#
.......######.##
############...###
#............#
#.######...#.# #.#
##.##.# #.# #.##.# .
## #.# #.##@# .# .#
#.# #.##O# ...
.####.## #.##.###.#.#
.......# #. #.......#
.####..# ##.........
.# #..# #...##.....
.####..######.#...#
####
.........>..........
......#.####.....####


You could see an ogre.

Vanquished Creatures
  3 jellies
  A hound (D:3)
  An iguana (D:4)
  Natasha (twice) (D:3)
  3 gnolls (D:3)
  An adder (D:2)
  A worm (D:3)
  4 dart slugs
  4 orcs (D:3)
  5 bats
  12 endoplasms
  3 giant cockroaches (D:1)
  5 goblins
  10 hobgoblins
  5 jackals
  2 quokkas
  8 ball pythons
  3 frilled lizards
  15 kobolds
  6 rats
94 creatures vanquished.

Vanquished Creatures (others)
  6 fungi (D:2)
  7 toadstools (D:2)
13 creatures vanquished.

Grand Total: 107 creatures vanquished

Notes
Turn   | Place    | Note
-------+----------+-------------------------------------------
     0 | Abyss:1  | robertstho the Demonspawn Abyssal Knight began the quest
                  | for the Orb.
     0 | Abyss:1  | Reached XP level 1. HP: 18/18 MP: 2/2
   103 | Abyss:1  | Noticed a balrug
   104 | D:1      | Escaped the Abyss
   217 | D:1      | Reached * piety under Lugonu
   218 | D:1      | Gained mutation: You have a pair of small horns on your
                  | head. [demonic ancestry]
   218 | D:1      | Reached XP level 2. HP: 6/24 MP: 3/3
   573 | D:1      | Found a faded altar of an unknown god.
   796 | D:1      | Gained mutation: You may rarely emit foul miasma when
                  | damaged in melee. [demonic ancestry]
   796 | D:1      | Reached XP level 3. HP: 24/30 MP: 4/4
  1317 | D:2      | Reached ** piety under Lugonu
  1443 | D:2      | Gained mutation: You are surrounded by a mild repulsion
                  | field. (EV +2) [demonic ancestry]
  1443 | D:2      | Reached XP level 4. HP: 8/37 MP: 6/6
  1991 | D:3      | Reached skill level 1 in Dodging
  2310 | D:3      | Noticed Natasha
  2318 | D:3      | Killed Natasha
  2319 | D:3      | Gained mutation: A meltable shield of frost defends you.
                  | (SH +4) [demonic ancestry]
  2319 | D:3      | Reached XP level 5. HP: 35/42 MP: 7/7
  2387 | D:3      | Found a transporter.
  2389 | D:3      | Noticed eliilek's ghost (amateur HOFi)
  2552 | D:3      | Found an ancient bone altar of Kikubaaqudgha.
  2909 | D:3      | Found a broken altar of Ashenzari.
  3191 | D:3      | Noticed Natasha
  3203 | D:3      | Killed Natasha
  3274 | D:3      | Found a transporter.
  3542 | D:4      | Reached *** piety under Lugonu
  3783 | D:4      | Reached XP level 6. HP: 29/49 MP: 9/9
  4511 | D:4      | Slain by an ogre

Illustrated notes

Levels and vault maps discovered:
D:1:      minmay_arrival_shattered_statue, layout_rooms, basic_ecumenical_altar
D:2:      cheibrodos_fertilizer, layout_rooms, basic_altar, grunt_ministairs_2,
          grunt_decor_fettered
D:3:      layout_basic, mainiacjoe_overflow_catwalk, kiku_gazebo_pond_becter,
          gammafunk_ghost_stat_death, st_stairs_9, uniq_natasha
D:4:      layout_loops_ring, mainiacjoe_overflow_divided_tiny,
          grunt_ministairs_14, kennysheep_generic_room_3

Skill      XL: |  1  2  3  4  5 |
---------------+----------------+-----
Armour         | 2 3 |  3.5
Fighting       | 4 |  4.5
Polearms       | 2 |  2.8
Invocations    | 3 4 |  4.2
Dodging        | 1 |  1.6
Stealth        | |  0.4
Shields        | |  0.2

Action                   |  1- 3 |  4- 6 || total
-------------------------+-------+-------++-------
Melee: Spear             |   136 |   171 ||   307
       Headbutt          |    15 |    32 ||    47
       Trident           |       |    19 ||    19
Invok: Depart the Abyss  |     1 |       ||     1
  Use: Scroll            |     2 |     3 ||     5
       Potion            |     1 |     2 ||     3
Armor: Leather armour    |    12 |       ||    12
       Ring mail         |    17 |    23 ||    40
       Scale mail        |       |    61 ||    61
       Chain mail        |       |    29 ||    29
Dodge: Dodged            |    43 |   161 ||   204
Block: Other             |       |    29 ||    29
